Map: [EWC] Post-Youth

Players

ByuN - Winner!

  • Race: Terran Terran
  • Spawn Location: 7:00

Astrea

  • Race: Protoss Protoss
  • Spawn Location: 1:00

Event: Esports World Cup 2024

VOD

Have the link to the VOD?

Description

Time

  • Played on: Aug. 15, 2024, 11:11 a.m.
  • Length: 19:28

All games in this series

Show
View Real Time Build Order
Export as new Build Order

ByuN Terran - Winner!

Build Orders:  

Get SALT Encoding   

  12  0:00  SCV  
  13  0:12  SCV  
  14  0:17  Supply Depot  
  14  0:24  SCV  
  15  0:39  SCV  
  15  0:40  Barracks  
  16  0:44  Refinery  
  16  0:51  SCV  
  17  1:03  SCV  
  18  1:15  SCV  
  19  1:28  Marine  
  19  1:29  Orbital Command  
  20  1:50  Command Center  
  20  1:58  SCV  
  20  2:01  Factory  
  21  2:04  Barracks Reactor  
  21  2:10  SCV  
  21  2:13  Supply Depot  
  22  2:18  Refinery  
  22  2:23  SCV  
  23  2:35  SCV  
  24  2:41  Marine x2  
  26  2:46  Starport, Widow Mine  
  26  2:47  SCV  
  29  2:59  SCV, Marine  
  29  3:01  Marine  
  29  3:02  Orbital Command  
  32  3:10  Widow Mine  
  32  3:11  SCV  
  35  3:19  Marine x2  
  37  3:23  Medivac  
  40  3:28  SCV x2  
  40  3:31  Supply Depot, Factory Tech Lab  
  41  3:38  Marine  
  41  3:39  Marine  
  41  3:40  SCV x2  
  45  3:48  Supply Depot  
  45  3:52  SCV  
  45  3:53  SCV  
  47  3:57  Marine x2, Factory Tech Lab  
  47  4:02  Banshee  
  52  4:03  Cloaking Field  
  52  4:06  SCV x2  
  54  4:10  Supply Depot  
  54  4:18  SCV x2, Siege Tank  
  54  4:20  Marine x2  
  61  4:25  Barracks  
  61  4:30  SCV  
  62  4:32  SCV  
  63  4:39  Marine x2  
  63  4:43  SCV  
  63  4:44  SCV  
  65  4:46  Barracks  
  65  4:47  Refinery  
  65  4:48  Banshee  
  65  4:52  Supply Depot  
  68  4:55  SCV  
  68  4:56  SCV  
  70  5:04  Engineering Bay  
  73  5:07  SCV  
  73  5:08  SCV  
  73  5:09  Marine x2  
  76  5:14  Supply Depot  
  76  5:19  SCV  
  76  5:20  SCV  
  75  5:21  Factory Reactor  
  75  5:23  Marauder, Stimpack  
  75  5:26  Refinery  
  75  5:27  Marine x2  
  79  5:31  SCV  
  78  5:44  Marauder, Medivac  
  78  5:45  Marine x2  
  78  5:48  Marauder  
  86  5:51  Supply Depot  
  82  6:05  Marine  
  82  6:06  Marine, Marauder  
  82  6:08  Command Center  
  82  6:09  Marauder  
  82  6:11  Combat Shield  
  88  6:23  Factory Reactor  
  85  6:28  Marauder, Barracks  
  85  6:31  Marauder  
  85  6:32  Terran Infantry Weapons Level 1, Barracks  
  90  6:34  SCV x2  
  90  6:38  Marine x2  
  93  6:43  Medivac x2  
  93  6:46  SCV  
  93  6:47  SCV  
  99  6:53  Marauder x2  
  100  6:56  Marine  
  100  6:57  Marine  
  102  7:02  Concussive Shells  
  102  7:04  Supply Depot  
  102  7:05  Engineering Bay  
  102  7:17  SCV, Widow Mine  
  102  7:19  Barracks Tech Lab, SCV, Marine x2, Barracks Reactor  
  102  7:20  Marauder x2, Widow Mine  
  111  7:23  Medivac x2  
  111  7:28  Orbital Command  
  111  7:29  SCV  
  116  7:31  SCV  
  116  7:33  Terran Infantry Armor Level 1  
  116  7:34  Supply Depot  
  117  7:38  Marine x2  
  117  7:43  Marauder x3  
  125  7:52  SCV x2  
  125  7:53  Armory  
  125  7:59  Viking x2  
  125  8:02  SCV  
  125  8:04  Supply Depot, SCV  
  125  8:05  SCV  
  132  8:19  Marine  
  133  8:25  SCV, Marine x3  
  133  8:26  Refinery, Marauder x2  
  141  8:27  Supply Depot, SCV x2, Refinery  
  141  8:44  Supply Depot  
  141  8:45  Sensor Tower  
  141  8:46  Supply Depot  
  141  8:47  Terran Infantry Weapons Level 2  
  141  8:49  Supply Depot, SCV x2, Marauder, Widow Mine x2  
  149  9:00  Ghost Academy, Sensor Tower  
  149  9:02  Supply Depot  
  149  9:06  Supply Depot, SCV, Marauder, Medivac x2  
  149  9:07  Supply Depot  
  149  9:08  Marauder  
  158  9:10  Marauder  
  153  9:24  Missile Turret  
  153  9:26  SCV  
  153  9:27  SCV  
  153  9:30  Marauder  
  148  9:31  Marine x2  
  148  9:32  Marine x2  
  148  9:33  Terran Infantry Armor Level 2, Marauder  
  148  9:35  Viking x2  
  148  9:37  SCV  
  155  9:50  SCV x3  
  160  10:02  Ghost x3  
  160  10:05  SCV x3  
  165  10:09  Marine x2  
  157  10:30  Marine x3, Ghost  
  157  10:31  Marauder x2  
  157  10:34  Marine  
  164  10:48  Marine x2  
  159  10:53  Marauder x2  
  158  10:59  Marine x2  
  158  11:00  Marauder  
  161  11:06  Marine  
  162  11:13  Ghost, Command Center  
  162  11:14  Missile Turret, Marauder  
  162  11:16  Marine  
  162  11:17  Marine  
  168  11:20  Ghost  
  168  11:22  Terran Infantry Weapons Level 3  
  170  11:28  Marine x2  
  172  11:35  Ghost  
  172  11:38  Marine x2  
  157  11:43  Marauder  
  157  11:45  SCV x2  
  157  11:46  SCV, Marine  
  163  11:50  Marauder  
  165  11:58  Missile Turret  
  165  12:00  Marine x3  
  168  12:02  Terran Infantry Armor Level 3  
  168  12:04  Marauder, Medivac x2  
  168  12:06  SCV x2  
  176  12:21  Marauder  
  176  12:22  Marine x3  
  176  12:23  Marauder  
  179  12:33  Ghost  
  179  12:36  Marine  
  149  12:40  Marine x2  
  149  12:43  Marauder  
  138  12:45  Marauder  
  138  12:47  Medivac x2  
  144  12:56  Marine  
  144  12:57  Marine x2  
  144  12:58  Marine  
  148  13:02  Marauder, Barracks  
  148  13:03  Barracks x2  
  148  13:04  Marauder  
  152  13:06  Marauder  
  137  13:14  Marine x2  
  137  13:15  Marine  
  137  13:16  Marine  
  137  13:17  Medivac x2  
  133  13:23  Orbital Command  
  133  13:24  Marauder  
  133  13:26  Marauder  
  133  13:27  Marine, Widow Mine x2  
  133  13:28  SCV  
  133  13:29  SCV  
  133  13:30  SCV  
  133  13:33  Marine  
  133  13:34  Marine x2  
  143  13:35  Marine  
  145  13:45  Marine, Marauder  
  145  13:46  Ghost  
  145  13:47  Medivac x2  
  153  13:55  Barracks Tech Lab x2  
  140  13:56  Marine x3  
  140  13:57  Marine  
  145  14:03  Marauder  
  145  14:05  Widow Mine x2  
  145  14:07  Marauder  
  152  14:14  Marine x3, Barracks Reactor  
  152  14:16  Marauder  
  157  14:17  Ghost  
  157  14:23  Ghost  
  159  14:26  Marine x2  
  159  14:27  Ghost, Medivac  
  159  14:28  Medivac  
  159  14:29  Widow Mine x2  
  173  14:32  Marauder  
  173  14:37  Marine x2, Marauder  
  177  14:43  Orbital Command  
  177  14:44  Marine x2  
  179  14:46  Ghost  
  179  14:52  Ghost  
  181  14:53  Marine x2, Ghost  
  181  14:55  Marine  
  181  14:56  Marine, Ghost  
  181  14:57  Ghost  
  186  15:11  Marine x2  
  186  15:12  Marine  
  185  15:14  Medivac x2  
  185  15:15  Marauder  
  185  15:16  Widow Mine x2  
  185  15:20  Marine  
  185  15:21  Marine x2, Ghost, Marauder  
  192  15:25  Marauder  
  192  15:27  Missile Turret  
  184  15:42  Marauder  
  184  15:43  Marauder  
  184  15:48  Marine x2, Marauder x2  
  190  15:50  Marine  
  190  15:51  Marine x2, Marauder  
  195  16:01  Medivac  
  195  16:03  Medivac  
  196  16:05  Marauder  
  196  16:06  Marauder  
  196  16:10  Marauder  
  196  16:12  Marauder  
  194  16:30  Widow Mine  
  194  16:31  Widow Mine  
  194  16:34  Marine x2  
  196  16:43  Orbital Command  
  196  16:45  Marauder  
  196  16:46  Marauder  
  180  16:47  Marine, Marauder x2  
  180  16:49  Marauder  
  180  16:52  Widow Mine x2  
  176  16:54  Marine x2  
  176  16:56  Marine  
  179  17:06  Marauder  
  179  17:08  Marauder  
  178  17:09  Marine x3, Marauder x2  
  178  17:10  Marauder  
  178  17:12  Marine  
  188  17:20  Missile Turret  
  183  17:28  Marauder  
  183  17:29  Marine, Ghost, Marauder  
  183  17:30  Marauder  
  183  17:31  Ghost  
  162  17:43  Marine x2  
  138  17:44  Marine x2  
  138  17:49  Marauder  
  138  17:50  Marauder  
  138  17:51  Marauder  
  138  17:55  Marine x2  
  140  17:59  Marauder  
  140  18:00  Marauder  
  140  18:01  Marine x2  
  140  18:02  Marine x2  
  148  18:11  Marauder  
  148  18:12  Marauder  
  152  18:13  Marine x2, Marauder  
  156  18:20  Marauder  
  156  18:22  Marauder  
  156  18:32  Marauder  
  156  18:33  Marauder  
  160  18:34  Marauder  
  160  18:40  Marine x2  
  162  18:41  Marauder  
  162  18:42  Marine x2  
  162  18:45  Marauder  
  166  18:51  Marine x2  
  166  18:53  Marauder  
  166  18:54  Marauder  
  166  18:55  Marine  
  173  18:58  Marine  
  158  19:03  Marauder  
  158  19:06  Marauder  
  158  19:07  Marine  
  158  19:08  Marine x2  
  158  19:09  Marine x2  
Show
View Real Time Build Order
Export as new Build Order

Astrea Protoss 

Build Orders: 1 Gate Expand, Phoenix Opening, Blink Stalkers 

Get SALT Encoding   

  12  0:00  Probe  
  13  0:12  Probe  
  14  0:18  Pylon  
  14  0:24  Probe (Chrono Boost)  
  15  0:36  Probe (Chrono Boost)  
  15  0:40  Gateway  
  16  0:45  Probe (Chrono Boost)  
  17  0:50  Assimilator  
  17  0:51  Probe  
  18  1:03  Probe  
  19  1:16  Probe  
  20  1:26  Cybernetics Core  
  20  1:35  Nexus  
  20  1:41  Probe  
  20  1:45  Pylon  
  21  1:53  Probe  
  22  1:58  Assimilator  
  21  2:04  Adept  
  21  2:05  Probe (Chrono Boost)  
  21  2:07  Warp Gate  
  25  2:17  Probe (Chrono Boost)  
  25  2:22  Probe (Chrono Boost)  
  25  2:28  Twilight Council  
  26  2:31  Probe (Chrono Boost)  
  27  2:37  Stalker  
  27  2:44  Probe (Chrono Boost)  
  30  2:50  Probe (Chrono Boost)  
  31  2:52  Probe (Chrono Boost)  
  31  2:55  Gateway  
  32  3:00  Blink (Chrono Boost)  
  32  3:02  Probe  
  33  3:08  Probe  
  34  3:14  Probe  
  35  3:20  Probe  
  35  3:24  Sentry  
  35  3:26  Probe  
  39  3:32  Probe  
  40  3:38  Probe  
  41  3:42  Nexus  
  41  3:43  Pylon  
  41  3:44  Probe  
  42  3:52  Probe  
  42  3:55  Stalker, Phoenix  
  45  3:56  Probe  
  45  4:02  Pylon  
  46  4:03  Assimilator  
  46  4:04  Probe  
  46  4:06  Sentry  
  46  4:07  Assimilator  
  46  4:08  Probe  
  50  4:10  Robotics Facility  
  50  4:16  Probe  
  51  4:20  Probe  
  51  4:23  Stalker, Phoenix  
  54  4:27  Pylon  
  54  4:28  Probe  
  55  4:33  Probe  
  55  4:34  Stalker  
  58  4:40  Probe  
  57  4:45  Probe  
  57  4:48  Shield Battery  
  57  4:51  Stalker  
  60  4:54  Probe x2 (Chrono Boost)  
  60  4:57  Stalker  
  60  4:59  Observer  
  66  5:03  Probe (Chrono Boost)  
  66  5:05  Robotics Bay, Probe (Chrono Boost)  
  68  5:07  Probe (Chrono Boost)  
  68  5:11  Shield Battery  
  68  5:17  Immortal (Chrono Boost)  
  72  5:23  Stalker  
  72  5:26  Stalker  
  76  5:37  Probe x3  
  76  5:42  Shield Battery, Pylon  
  79  5:49  Observer (Chrono Boost)  
  79  5:51  Stalker x2  
  79  5:53  Charge (Chrono Boost)  
  79  5:55  Gateway  
  79  5:57  Gateway  
  84  5:59  Probe, Pylon  
  84  6:00  Probe x2  
  87  6:11  Probe, Pylon  
  87  6:14  Colossus (Chrono Boost)  
  87  6:15  Pylon  
  87  6:16  Probe  
  91  6:22  Probe  
  91  6:24  Probe  
  91  6:25  Extended Thermal Lance  
  91  6:27  Forge  
  91  6:28  Probe  
  92  6:34  Probe  
  92  6:36  Probe  
  94  6:40  Probe  
  94  6:45  Stalker x2  
  94  6:46  Probe  
  99  6:48  Probe  
  99  6:52  Probe  
  98  6:57  Protoss Ground Weapons Level 1 (Chrono Boost)  
  98  6:58  Probe, Colossus (Chrono Boost)  
  98  7:00  Probe  
  98  7:05  Zealot x2, Probe  
  109  7:13  Zealot x2  
  109  7:14  Observer  
  113  7:26  Pylon  
  113  7:28  Dark Shrine  
  113  7:30  Pylon  
  113  7:31  Pylon  
  113  7:36  Warp Prism (Chrono Boost)  
  113  7:40  Stalker  
  116  7:50  Pylon  
  116  7:51  Pylon  
  116  7:55  Nexus  
  116  7:56  Observer  
  116  7:58  Probe x3  
  119  8:04  Pylon  
  119  8:06  Assimilator  
  119  8:07  Stalker x4  
  119  8:11  Probe  
  130  8:18  Probe  
  130  8:19  Forge, Pylon  
  131  8:21  Probe  
  131  8:22  Pylon x2  
  131  8:24  Shield Battery, Probe  
  129  8:27  Observer (Chrono Boost)  
  129  8:31  Zealot x4  
  138  8:34  Gateway, Pylon  
  138  8:35  Gateway  
  138  8:40  Probe  
  139  8:45  Protoss Ground Weapons Level 2 (Chrono Boost)  
  139  8:49  Observer, Probe x2  
  139  8:50  Observer  
  139  8:52  Probe  
  139  8:53  Disruptor  
  146  8:56  Robotics Facility  
  146  8:57  Dark Templar x3  
  152  9:03  Zealot  
  152  9:07  Protoss Ground Armor Level 1 (Chrono Boost)  
  154  9:10  Photon Cannon  
  154  9:13  Assimilator  
  154  9:19  Nexus  
  154  9:25  Zealot  
  154  9:27  Gateway  
  154  9:32  Gateway x2  
  154  9:34  Gateway  
  152  9:39  Zealot  
  152  9:40  Dark Templar  
  152  9:43  Zealot x3  
  152  9:45  Observer  
  160  9:46  Photon Cannon  
  160  9:48  Photon Cannon  
  160  9:51  Shield Battery, Pylon  
  160  9:53  Pylon  
  160  9:58  Probe  
  160  9:59  Disruptor, Probe x3  
  164  10:00  Disruptor  
  172  10:11  Stalker x3  
  178  10:20  Stalker x3  
  168  10:35  Disruptor x2 (Chrono Boost)  
  168  10:38  Zealot x4  
  168  10:39  Zealot x3  
  186  10:53  Zealot x3  
  186  10:54  Protoss Ground Weapons Level 3 (Chrono Boost), Protoss Ground Armor Level 2 (Chrono Boost)  
  186  10:56  Probe  
  186  10:57  Probe x2  
  195  11:07  Nexus  
  195  11:08  Disruptor (Chrono Boost), Dark Templar  
  199  11:13  Gravitic Drive  
  199  11:15  Gateway  
  199  11:19  Gateway  
  195  11:47  Disruptor  
  199  11:57  Gateway  
  199  11:59  Gateway  
  199  12:00  Gateway x2  
  199  12:04  Gateway, Pylon  
  199  12:05  Photon Cannon  
  199  12:08  Photon Cannon  
  199  12:09  Pylon  
  199  12:10  Gravitic Boosters, Photon Cannon  
  199  12:11  Gateway  
  199  12:12  Photon Cannon  
  199  12:13  Gateway  
  199  12:17  Gateway  
  199  12:18  Gateway x2  
  191  12:27  Robotics Facility  
  113  12:45  Zealot x9  
  113  12:46  Zealot x3  
  113  12:51  Disruptor (Chrono Boost)  
  133  12:53  Stalker x2  
  133  12:56  Stalker x2  
  137  13:00  Dark Templar  
  135  13:10  Stalker x8  
  135  13:11  Stalker x4  
  131  13:13  Zealot x5  
  131  13:17  Observer  
  131  13:19  Observer  
  130  13:20  Disruptor (Chrono Boost)  
  130  13:21  Probe x4  
  130  13:22  Probe x2  
  130  13:25  Disruptor (Chrono Boost), Protoss Ground Armor Level 3 (Chrono Boost)  
  140  13:33  Dark Templar  
  142  13:45  Zealot x13  
  142  13:46  Zealot x3, Disruptor (Chrono Boost)  
  170  13:49  Disruptor (Chrono Boost)  
  170  13:53  Zealot x2  
  150  14:15  Stalker x7, Disruptor  
  150  14:16  Zealot x2  
  172  14:17  Observer  
  172  14:20  Disruptor  
  176  14:28  Observer  
  176  14:29  Photon Cannon  
  176  14:39  Zealot x5  
  176  14:40  Zealot x7  
  200  14:51  Robotics Facility  
  200  15:00  Protoss Shields Level 1 (Chrono Boost)  
  182  15:26  Stalker x9  
  182  15:28  Pylon  
  200  15:42  Nexus  
  192  15:51  Probe x5  
  192  15:53  Pylon  
  192  15:58  Stargate  
  192  15:59  Assimilator  
  192  16:00  Assimilator  
  192  16:03  Probe  
  187  16:05  Nexus  
  187  16:08  Observer  
  174  16:18  Disruptor x2  
  173  16:24  Photon Cannon  
  181  16:26  Photon Cannon  
  181  16:28  Photon Cannon  
  181  16:29  Shield Battery  
  181  16:30  Shield Battery  
  181  16:31  Dark Templar x3  
  181  16:32  Zealot x2, Dark Templar x4  
  180  16:47  Nexus, Colossus  
  179  16:57  Zealot x11  
  190  17:17  Stalker x5  
  190  17:36  Zealot  
  190  17:37  Zealot x5  
  150  17:40  Probe  
  105  17:52  Disruptor (Chrono Boost)  
  105  17:57  Colossus (Chrono Boost)  
  107  17:59  Disruptor (Chrono Boost)  
  107  18:03  Probe  
  107  18:04  Probe x3  
  115  18:10  Probe  
  101  18:27  Stalker x5  
  101  18:30  Stalker  
  111  18:35  Stalker  
  113  18:46  Immortal  
  114  18:52  Stalker x2  
  114  18:55  Observer  
  105  18:56  Observer  
  96  19:06  Stalker x4  
Tags
 
Add a new tag
Caveats
  • Supply blocks, unpowered buildings, or Contaminate may cause inaccurate times.
  • Supply counts are checked every 10 seconds.